AoeStats
← DottyRock7961

Arena

509759572Analyzed
1v1 RM · 4d ago on Sep 27, 2026· 42m 37s· 2 players
Game mode
Random Map
Map size
Tiny (2 player)
Population
200
Speed
Normal
Resources
Standard
Victory
Conquest
Starting age
Dark Age
Ending age
Imperial Age
RankedLock teamsTeams togetherTeam positionsShared explorationLock speedFull tech treeHidden civsTurbo modeCheats
Victory
Defeat
🇨🇷 Byzantines · Costa Rica
745
+16
🇺🇸 Spanish · United States
743
-16
DottyRock7961
7:40 Loom
10:32 Feudal Age
17:37 Castle Age
23:33 Horse Collar
24:59 Husbandry
25:10 Bloodlines
36:28 Imperial Age
38:44 Chemistry
38:05 Ballistics
37:41 Murder Holes
alrocd01
11:26 Feudal Age
15:27 Castle Age
13:37 Double-Bit Axe
23:30 Fletching
23:51 Forging
24:54 Elite Skirmisher
30:28 Padded Archer Armor
33:11 Bodkin Arrow
33:32 Leather Archer Armor
36:00 Leather Archer Armor
35:52 Scale Barding Armor
37:53 Ballistics
40:50 Iron Casting
40:15 Scale Mail Armor
40:00 Horse Collar
Connection lost

Rejoining the realm…

Still unreachable

The connection could not be restored.

Session expired

The server has moved on; the page needs a fresh start.